Map: Catalyst LE

Players

pillOw (Nina)

  • Race: Protoss Protoss
  • League: Grandmaster
  • Spawn Location: 11:00

Solar - Winner!

  • Race: Zerg Zerg
  • League: Master
  • Spawn Location: 5:00

Event: Memes & Dreams Invitational

VOD

Have the link to the VOD?

Description

Time

  • Played on: April 12, 2018, 10:42 p.m.
  • Length: 15:51

All games in this series

Show
View Real Time Build Order
Export as new Build Order

pillOw Protoss 

Build Orders: 1 Gate Expand, Oracle Opening, Zealot Archon 

Get SALT Encoding   

  12  0:00  Probe  
  13  0:12  Probe  
  14  0:18  Pylon  
  14  0:24  Probe  
  15  0:36  Probe (Chrono Boost)  
  15  0:39  Gateway  
  16  0:46  Probe (Chrono Boost)  
  16  0:49  Assimilator  
  17  0:51  Probe  
  18  1:03  Probe  
  19  1:15  Probe  
  20  1:26  Nexus  
  20  1:37  Cybernetics Core  
  20  1:40  Probe  
  21  1:49  Assimilator  
  21  1:52  Probe  
  22  1:58  Pylon  
  22  2:04  Probe  
  23  2:15  Adept (Chrono Boost)  
  23  2:16  Probe  
  23  2:19  Stargate  
  26  2:28  Warp Gate  
  26  2:30  Probe (Chrono Boost)  
  26  2:35  Adept  
  29  2:38  Probe (Chrono Boost)  
  29  2:42  Probe (Chrono Boost)  
  31  2:48  Probe (Chrono Boost)  
  31  2:49  Probe (Chrono Boost)  
  33  2:53  Probe (Chrono Boost)  
  33  2:56  Probe  
  35  3:02  Oracle (Chrono Boost)  
  35  3:04  Probe  
  39  3:08  Probe  
  39  3:11  Adept  
  39  3:16  Probe  
  40  3:20  Probe, Gateway  
  40  3:26  Assimilator  
  41  3:28  Probe  
  41  3:29  Assimilator  
  41  3:32  Probe  
  43  3:37  Pylon  
  43  3:40  Probe  
  44  3:50  Probe  
  44  3:51  Twilight Council  
  44  3:52  Probe  
  46  4:04  Probe  
  46  4:05  Probe  
  46  4:09  Gateway  
  48  4:12  Gateway  
  48  4:16  Pylon  
  48  4:17  Probe  
  49  4:18  Probe  
  50  4:29  Probe, Charge  
  50  4:30  Probe  
  52  4:32  Pylon  
  52  4:34  Zealot  
  54  4:40  Phoenix (Chrono Boost)  
  54  4:41  Probe  
  54  4:42  Probe  
  58  4:48  Nexus  
  58  4:53  Probe  
  58  4:54  Probe  
  58  4:56  Templar Archives  
  60  5:04  Robotics Facility  
  60  5:05  Probe  
  61  5:10  Probe  
  61  5:12  Forge  
  62  5:15  Sentry  
  62  5:16  Sentry  
  62  5:17  Probe  
  67  5:23  Pylon  
  67  5:27  Probe  
  68  5:30  Probe, Forge  
  69  5:39  Probe  
  69  5:42  Probe  
  71  5:43  Zealot x3  
  71  5:44  Zealot  
  77  5:51  Probe  
  77  5:53  Warp Prism (Chrono Boost)  
  77  5:55  Probe  
  75  6:03  Psionic Storm  
  75  6:05  Protoss Ground Weapons Level 1 (Chrono Boost), Protoss Ground Armor Level 1 (Chrono Boost)  
  75  6:07  Probe  
  75  6:08  Probe x2  
  78  6:11  High Templar  
  78  6:13  High Templar  
  82  6:19  Probe  
  82  6:20  Probe x2  
  82  6:21  Pylon  
  82  6:22  High Templar  
  82  6:24  Archon  
  87  6:26  Zealot  
  78  6:39  Gateway x2  
  62  6:40  Gateway  
  62  6:43  Gateway  
  57  6:47  Zealot  
  57  6:48  Zealot x2  
  61  6:57  Zealot  
  62  7:06  Probe x2  
  62  7:08  Zealot x3  
  69  7:20  High Templar  
  69  7:22  Probe  
  72  7:24  Probe  
  72  7:29  Nexus  
  73  7:32  Zealot  
  73  7:33  High Templar  
  77  7:38  Pylon  
  77  7:49  Shield Battery  
  77  7:52  Protoss Ground Weapons Level 2 (Chrono Boost)  
  77  7:53  Protoss Ground Armor Level 2 (Chrono Boost)  
  77  7:57  High Templar x2  
  81  8:09  Pylon  
  81  8:10  Pylon, Zealot  
  81  8:12  Pylon  
  83  8:15  High Templar  
  83  8:17  Pylon  
  85  8:21  Pylon  
  85  8:35  High Templar  
  87  8:41  High Templar x2  
  87  8:42  Probe x2  
  87  8:43  Probe  
  87  8:46  Archon  
  87  8:48  Assimilator  
  94  8:50  Shield Battery  
  94  8:53  Photon Cannon  
  94  8:54  Probe  
  94  8:55  Probe, Photon Cannon  
  96  8:57  Observer (Chrono Boost)  
  96  9:00  High Templar  
  99  9:04  High Templar  
  99  9:05  Probe  
  99  9:07  Probe  
  99  9:09  Archon  
  103  9:10  Probe  
  104  9:17  Probe  
  104  9:18  Assimilator  
  104  9:19  Probe  
  104  9:22  Probe  
  105  9:25  Gateway x2  
  105  9:29  Probe, High Templar x2  
  105  9:31  Probe  
  111  9:33  Pylon  
  111  9:38  Archon  
  111  9:39  Zealot  
  111  9:43  Zealot x4  
  111  9:44  Zealot  
  123  9:48  Warp Prism (Chrono Boost)  
  123  9:50  Protoss Ground Weapons Level 3 (Chrono Boost)  
  119  10:01  Protoss Ground Armor Level 3 (Chrono Boost)  
  105  10:12  High Templar  
  106  10:22  Immortal (Chrono Boost)  
  108  10:28  Zealot x2  
  108  10:29  Zealot x5  
  118  10:49  High Templar  
  120  10:50  High Templar  
  120  10:54  Archon  
  120  10:55  High Templar x2, Warp Prism  
  128  10:59  Archon  
  128  11:06  Blink  
  128  11:21  Zealot  
  128  11:22  Zealot x7  
  140  11:26  Pylon  
  140  11:27  Pylon  
  140  11:35  High Templar x2  
  140  11:39  Archon  
  144  11:42  Nexus  
  144  11:43  Pylon  
  144  11:45  Pylon  
  133  11:56  Zealot x6  
  133  11:57  Zealot x2  
  118  12:13  High Templar x3  
  118  12:14  High Templar  
  118  12:18  Archon x2  
  118  12:19  High Templar  
  118  12:20  High Templar  
  122  12:25  Zealot  
  122  12:26  Gateway  
  122  12:27  Nexus  
  122  12:28  Gateway  
  122  12:29  Pylon, Observer (Chrono Boost)  
  125  12:30  Pylon  
  125  12:35  High Templar  
  123  12:39  Protoss Shields Level 1 (Chrono Boost)  
  123  12:40  Zealot x2  
  119  12:48  Zealot  
  119  12:49  Zealot x4  
  129  12:51  Photon Cannon  
  129  12:53  Photon Cannon  
  129  12:55  Photon Cannon  
  129  12:56  Zealot x2  
  127  13:10  High Templar x3  
  134  13:13  Observer  
  134  13:16  Archon  
  134  13:23  Photon Cannon  
  134  13:24  Photon Cannon  
  134  13:26  Shield Battery  
  134  13:29  Shield Battery  
  134  13:31  High Templar x2  
  138  13:35  Archon  
  138  13:37  Zealot x5  
  148  13:49  High Templar  
  150  13:56  Probe  
  151  14:02  Stalker x2  
  151  14:03  Stalker x5  
  150  14:17  Zealot x4  
  150  14:23  Stalker  
  158  14:28  Stalker x3  
  97  15:02  Stalker x3  
  97  15:03  Stalker x3  
  97  15:06  Archon  
  95  15:08  Probe  
  95  15:10  High Templar x3  
  95  15:11  Probe  
  95  15:13  Assimilator  
  95  15:14  Assimilator  
  103  15:18  Zealot x3  
  103  15:20  Observer  
  96  15:28  Stalker x3  
  88  15:39  Zealot  
  88  15:40  Zealot x5  
Show
View Real Time Build Order
Export as new Build Order

Solar Zerg - Winner!

Build Orders: Hatch First 

Get SALT Encoding   

  12  0:01  Drone  
  13  0:12  Overlord  
  13  0:17  Drone  
  14  0:31  Drone x2  
  14  0:35  Drone  
  17  0:52  Drone  
  18  0:58  Drone  
  18  1:01  Hatchery  
  18  1:06  Extractor  
  17  1:13  Spawning Pool  
  17  1:16  Drone  
  17  1:19  Drone  
  18  1:28  Drone  
  19  1:38  Drone  
  20  1:47  Hatchery  
  20  1:51  Drone  
  20  2:02  Queen  
  22  2:12  Queen  
  24  2:17  Metabolic Boost  
  24  2:20  Drone  
  25  2:28  Overlord  
  25  2:31  Zergling x2  
  25  2:33  Zergling x2  
  25  2:35  Zergling x2  
  28  2:46  Drone, Zergling x2  
  28  2:47  Drone x2  
  32  2:54  Drone  
  33  2:59  Spore Crawler  
  33  3:00  Spore Crawler  
  33  3:02  Drone x2  
  35  3:07  Queen  
  35  3:10  Drone  
  35  3:12  Overlord  
  38  3:16  Drone  
  39  3:21  Drone x2  
  39  3:25  Spore Crawler, Drone  
  41  3:29  Spore Crawler  
  41  3:31  Spore Crawler  
  40  3:34  Drone  
  40  3:35  Drone  
  40  3:38  Drone  
  40  3:40  Drone  
  43  3:47  Drone x2, Evolution Chamber  
  43  3:49  Drone  
  43  3:50  Drone  
  43  3:53  Drone  
  46  3:55  Overlord  
  46  3:57  Drone  
  46  3:59  Drone  
  46  4:01  Drone  
  47  4:04  Drone  
  47  4:05  Drone  
  47  4:08  Drone  
  50  4:12  Overlord  
  50  4:14  Zerg Melee Weapons Level 1  
  50  4:20  Queen  
  50  4:22  Queen  
  54  4:27  Drone x2  
  54  4:28  Drone x2  
  58  4:31  Drone x2  
  58  4:32  Drone  
  58  4:34  Drone x2  
  63  4:40  Overlord  
  63  4:43  Extractor, Zergling x4, Baneling Nest  
  63  4:45  Zergling x2  
  64  4:48  Zergling x4  
  66  4:56  Overlord  
  66  4:58  Overlord  
  66  4:59  Zergling x2  
  67  5:00  Zergling x10  
  67  5:03  Zergling x4  
  74  5:08  Overlord  
  74  5:10  Overlord  
  74  5:13  Overlord  
  74  5:16  Zergling x4  
  76  5:23  Drone x2  
  76  5:24  Drone  
  76  5:26  Queen  
  76  5:27  Queen  
  83  5:30  Drone  
  83  5:31  Drone  
  83  5:33  Zergling x2  
  83  5:34  Zergling x4  
  88  5:40  Spore Crawler  
  86  5:43  Lair, Zergling x2  
  86  5:44  Zergling x8  
  86  5:46  Extractor  
  86  5:48  Zergling x6  
  88  5:51  Zergling x2  
  88  5:55  Zergling x2  
  85  5:59  Zergling x10  
  85  6:00  Zergling x6  
  85  6:03  Baneling x5  
  93  6:04  Baneling  
  93  6:05  Baneling  
  93  6:08  Zergling x4  
  96  6:18  Zergling x6  
  96  6:19  Drone  
  96  6:20  Drone  
  96  6:23  Overlord  
  96  6:25  Overlord  
  100  6:28  Drone, Hatchery  
  93  6:35  Zergling x4  
  93  6:39  Extractor  
  91  6:40  Drone x2  
  91  6:41  Drone x2  
  91  6:42  Drone x2, Extractor  
  91  6:43  Drone  
  91  6:44  Drone  
  91  6:46  Zergling x4  
  97  6:52  Zergling x4  
  94  6:58  Zergling x4  
  93  7:03  Hydralisk Den  
  93  7:05  Zergling x2  
  93  7:07  Zergling x2  
  93  7:08  Zergling x8  
  95  7:11  Zergling x6  
  93  7:24  Drone x3  
  93  7:25  Drone  
  93  7:26  Zergling x4  
  99  7:30  Centrifical Hooks, Zerg Melee Weapons Level 2  
  99  7:32  Grooved Spines  
  99  7:33  Hydralisk x2  
  99  7:35  Baneling x5  
  99  7:37  Overlord  
  103  7:40  Hydralisk x5  
  103  7:43  Zergling x6  
  116  7:49  Overseer  
  116  7:50  Drone x2  
  117  7:54  Drone x3  
  117  7:55  Drone x2  
  117  7:56  Drone  
  123  8:00  Drone  
  123  8:01  Drone  
  125  8:06  Overlord  
  125  8:07  Overlord  
  125  8:15  Hydralisk x3  
  131  8:20  Hydralisk x2  
  135  8:32  Drone x2  
  135  8:33  Hydralisk  
  135  8:34  Hydralisk x5  
  136  8:37  Hatchery  
  145  8:45  Muscular Augments  
  145  8:49  Overlord  
  145  8:50  Drone  
  145  8:52  Overlord  
  145  8:54  Hydralisk  
  148  8:56  Overlord  
  148  9:05  Zergling x8  
  148  9:06  Spine Crawler  
  148  9:09  Overlord x2  
  151  9:10  Zergling x2  
  151  9:11  Zergling x10  
  151  9:12  Baneling  
  151  9:13  Baneling x8  
  151  9:16  Zergling x2  
  160  9:17  Zergling x8  
  160  9:18  Overlord  
  160  9:22  Zergling x6  
  160  9:23  Zergling x8  
  169  9:26  Hydralisk x2  
  169  9:30  Drone  
  174  9:33  Zergling x4  
  176  9:42  Baneling x12, Infestation Pit  
  174  9:46  Zergling x2, Zerg Missile Weapons Level 1  
  174  9:47  Zergling x16  
  174  9:49  Zergling x2  
  174  9:50  Zergling x4  
  182  9:56  Extractor  
  182  9:57  Zergling x2  
  182  9:58  Zergling x12  
  182  10:01  Zergling x8  
  184  10:10  Drone x3  
  187  10:14  Drone x2  
  187  10:15  Drone, Evolution Chamber  
  187  10:16  Zergling x2  
  187  10:17  Zergling x18  
  187  10:20  Baneling x4  
  187  10:21  Baneling x4  
  199  10:31  Hive  
  199  10:33  Spire  
  196  10:43  Zergling x10  
  196  10:44  Zergling x2  
  194  10:54  Zergling x10  
  199  10:59  Baneling x7  
  199  11:01  Zerg Ground Armor Level 1  
  199  11:04  Extractor  
  196  11:25  Zergling x2  
  196  11:26  Zergling x6  
  200  11:37  Baneling  
  200  11:38  Baneling x6  
  199  11:45  Zerg Melee Weapons Level 3  
  199  11:47  Greater Spire  
  199  11:48  Adrenal Glands  
  199  11:51  Zergling x8  
  185  12:06  Zergling x2  
  185  12:07  Zergling x24  
  174  12:11  Hydralisk x4  
  174  12:12  Zergling x8  
  174  12:13  Zergling x22  
  174  12:14  Zergling x2  
  174  12:15  Zergling x6  
  174  12:18  Corruptor  
  174  12:19  Corruptor x4  
  184  12:26  Corruptor x3  
  184  12:29  Zergling x4  
  188  12:37  Zergling x2  
  188  12:38  Zergling x6  
  180  13:02  Brood Lord x4  
  180  13:04  Brood Lord, Overlord  
  180  13:05  Overlord  
  187  13:07  Extractor  
  186  13:13  Brood Lord  
  186  13:18  Drone x2  
  186  13:19  Brood Lord  
  192  13:24  Zergling x12  
  200  13:29  Brood Lord  
  200  13:30  Baneling x2  
  199  13:44  Baneling x3  
  199  13:45  Baneling x10  
  199  13:48  Baneling x3  
  195  13:52  Zergling x12  
  195  13:53  Zergling x2  
  200  14:04  Extractor  
  200  14:07  Baneling x4, Overseer  
  199  14:15  Hatchery  
  199  14:16  Hydralisk x7  
  184  14:17  Zergling x4  
  184  14:18  Zergling x2  
  184  14:19  Zergling x4  
  198  14:24  Zergling x2  
  198  14:29  Zergling x24  
  189  14:43  Hydralisk x4  
  189  14:44  Hydralisk x5  
  198  14:47  Zergling x16  
  185  14:52  Hydralisk  
  185  14:53  Hydralisk x3  
  163  15:01  Hydralisk x7  
  163  15:03  Zergling x12  
  165  15:11  Hydralisk x3  
  171  15:15  Baneling x6  
  171  15:17  Baneling, Zergling x12  
  177  15:26  Zergling x2  
  177  15:27  Zergling x6  
  170  15:31  Zergling x2  
  170  15:32  Zergling x8  
Tags
 
Add a new tag
Caveats
  • Supply blocks, unpowered buildings, or Contaminate may cause inaccurate times.
  • Supply counts are checked every 10 seconds.